Map: Kairos Junction LE

Players

lIIIlIIlIIll

  • Race: Zerg Zerg
  • League: Grandmaster
  • Spawn Location: 5:00

Lambo - Winner!

  • Race: Zerg Zerg
  • League: Master
  • Spawn Location: 11:00

VOD

Have the link to the VOD?

Description

Time

  • Played on: Jan. 22, 2019, 12:42 p.m.
  • Length: 8:51
Show
View Real Time Build Order
Export as new Build Order

lIIIlIIlIIll Zerg 

Build Orders: Hatch First, Swarm Host, Roach Nydus 

Get SALT Encoding   

  12  0:00  Drone  
  13  0:12  Overlord  
  13  0:16  Drone  
  14  0:30  Drone x2  
  14  0:33  Drone  
  17  0:51  Hatchery  
  17  0:54  Drone  
  17  1:08  Spawning Pool  
  17  1:10  Drone  
  17  1:14  Drone  
  17  1:17  Drone  
  19  1:27  Drone  
  20  1:38  Overlord  
  20  1:54  Queen  
  20  1:58  Drone  
  24  2:01  Drone  
  24  2:03  Drone  
  25  2:11  Drone, Queen  
  28  2:15  Drone  
  29  2:23  Drone  
  29  2:25  Extractor  
  29  2:26  Extractor  
  29  2:28  Overlord  
  28  2:30  Queen  
  28  2:35  Drone x2  
  32  2:44  Drone  
  32  2:45  Overlord  
  32  2:47  Queen  
  35  2:53  Drone  
  35  2:58  Drone  
  37  3:01  Spine Crawler  
  37  3:03  Drone x2  
  37  3:04  Drone  
  39  3:10  Drone x2  
  41  3:17  Drone  
  41  3:18  Lair  
  41  3:19  Drone  
  43  3:20  Drone x3  
  46  3:31  Evolution Chamber, Drone x2, Extractor  
  46  3:38  Evolution Chamber  
  46  3:40  Drone x2  
  47  3:42  Drone x2  
  49  3:52  Roach Warren  
  48  3:58  Overlord  
  48  4:05  Overlord  
  48  4:10  Queen  
  50  4:17  Nydus Network  
  50  4:18  Overlord  
  50  4:19  Overlord  
  49  4:31  Nydus Network  
  48  4:35  Roach x2  
  48  4:36  Roach x2  
  56  4:40  Roach x2  
  60  4:48  Roach x2  
  64  4:56  Infestation Pit  
  63  5:00  Drone x2  
  65  5:08  Hatchery  
  65  5:09  Overlord  
  65  5:11  Drone  
  65  5:15  Zerg Ground Armor Level 1, Zerg Missile Weapons Level 1  
  65  5:16  Extractor  
  65  5:20  Drone x2  
  66  5:22  Glial Reconstitution  
  66  5:26  Drone  
  67  5:32  Drone  
  68  5:36  Overlord  
  68  5:38  Drone x2  
  68  5:39  Drone  
  68  5:40  Drone x2  
  73  5:44  Drone  
  74  5:53  Swarm Host x2  
  74  5:55  Swarm Host x3  
  89  6:06  Overlord  
  89  6:07  Swarm Host  
  89  6:09  Overlord x2  
  92  6:20  Overlord  
  92  6:24  Swarm Host x3  
  101  6:27  Drone x2  
  103  6:36  Swarm Host x2  
  109  6:42  Overlord  
  109  6:43  Drone  
  109  6:45  Extractor  
  109  6:46  Swarm Host  
  109  6:52  Roach x4  
  120  6:54  Overlord  
  120  6:58  Overlord  
  120  7:02  Swarm Host  
  120  7:03  Overlord  
  120  7:07  Roach x4  
  131  7:11  Overlord  
  131  7:15  Swarm Host  
  131  7:18  Roach x3  
  131  7:22  Roach x2  
  144  7:25  Roach  
  144  7:43  Roach x2  
  144  7:44  Roach x6  
  147  7:51  Roach x3  
  147  7:52  Roach  
  147  7:56  Roach  
  119  8:00  Roach x2  
  119  8:04  Roach x2  
  106  8:07  Ravager  
  106  8:09  Ravager  
  106  8:11  Roach x2  
  112  8:14  Roach x2  
  112  8:18  Roach  
  112  8:19  Roach  
  120  8:22  Roach  
Show
View Real Time Build Order
Export as new Build Order

Lambo Zerg - Winner!

Build Orders: Hatch First 

Get SALT Encoding   

  12  0:00  Drone  
  13  0:13  Overlord  
  13  0:16  Drone  
  14  0:31  Drone x2  
  16  0:48  Hatchery  
  15  0:51  Drone  
  15  0:55  Drone  
  17  0:59  Drone  
  18  1:09  Extractor  
  17  1:13  Spawning Pool  
  17  1:17  Drone  
  17  1:21  Drone  
  18  1:28  Drone  
  19  1:40  Drone  
  20  1:50  Drone  
  21  2:00  Drone, Queen x2  
  26  2:01  Overlord  
  26  2:11  Drone, Metabolic Boost  
  26  2:12  Drone  
  28  2:21  Drone  
  30  2:22  Drone  
  30  2:33  Hatchery  
  29  2:39  Zergling x4  
  31  2:44  Drone  
  31  2:45  Drone  
  31  2:48  Baneling Nest  
  32  2:54  Overlord  
  32  2:56  Drone  
  33  3:05  Zergling x2  
  33  3:06  Zergling x2  
  33  3:10  Drone  
  36  3:16  Drone  
  36  3:17  Drone x2  
  36  3:19  Drone x2  
  41  3:20  Overlord  
  41  3:27  Zergling x2  
  41  3:30  Evolution Chamber  
  42  3:34  Drone  
  42  3:36  Drone  
  42  3:38  Queen  
  42  3:40  Drone x6  
  51  3:45  Drone  
  51  3:47  Overlord  
  52  3:48  Drone  
  52  3:52  Extractor x2  
  50  4:04  Drone  
  50  4:05  Roach Warren  
  50  4:07  Drone x2  
  52  4:14  Drone x4  
  55  4:19  Drone x2  
  55  4:22  Overlord  
  57  4:28  Overlord  
  56  4:35  Overlord  
  55  4:45  Spine Crawler  
  55  4:46  Roach x8  
  55  4:50  Roach x4  
  78  4:54  Overlord  
  78  4:57  Zerg Missile Weapons Level 1  
  78  4:59  Roach  
  80  5:02  Overlord  
  80  5:04  Roach x2  
  84  5:12  Roach x4  
  93  5:15  Lair  
  93  5:19  Drone  
  93  5:20  Drone x3  
  97  5:22  Extractor  
  97  5:27  Drone x2  
  97  5:28  Overlord  
  98  5:31  Overlord  
  98  5:35  Overlord  
  98  5:36  Overlord  
  98  5:37  Overlord  
  98  5:41  Overlord  
  98  5:46  Overlord  
  98  5:49  Roach x4  
  106  5:52  Roach  
  106  5:54  Roach  
  110  6:02  Burrow  
  110  6:03  Roach x4  
  118  6:08  Roach  
  118  6:09  Roach x2  
  124  6:13  Overseer  
  124  6:14  Glial Reconstitution  
  124  6:15  Overlord  
  124  6:19  Roach x2  
  124  6:21  Overlord  
  124  6:23  Roach x2  
  132  6:26  Overlord  
  132  6:29  Roach  
  134  6:35  Roach x3  
  134  6:36  Roach  
  142  6:40  Roach  
  142  6:41  Roach  
  142  6:45  Roach x2  
  150  6:49  Overlord  
  150  6:50  Roach x2  
  154  6:56  Roach x2  
  154  6:58  Overlord  
  158  7:03  Roach x3  
  164  7:12  Roach x4  
  172  7:19  Roach x3  
  178  7:25  Roach x11  
  182  7:32  Roach x3  
  182  7:39  Roach  
  170  7:46  Roach x5  
  170  7:49  Roach  
  167  7:53  Roach x2  
  167  7:54  Roach x2  
  167  7:58  Roach x2  
  168  8:02  Overlord  
  168  8:03  Drone  
  167  8:06  Roach x3  
  167  8:10  Roach  
  175  8:13  Overlord  
  175  8:18  Overlord  
  179  8:20  Roach x4  
  167  8:27  Roach x3  
  167  8:28  Roach  
Tags
 
Add a new tag
Caveats
  • Supply blocks, unpowered buildings, or Contaminate may cause inaccurate times.
  • Supply counts are checked every 10 seconds.